PIO (24 & UNDER)
COLORADO COMMANDERS @ SURREY SINNERS
09/01/2023
 
TOP OF THE 1ST
Colorado Commanders batting - Pitching for Surrey Sinners : RHP Ernesto Arritola
Pitching: RHP Ernesto Arritola
Batting: RHB Arnold Harmon 0-0: Ball
1-0: Foul Ball, location: 2F
1-1: Swinging Strike
1-2: Ball
2-2: Ball
3-2: Ground out 4-3 (Groundball, 4M)
Batting: LHB Rafael Delgado 0-0: Ball
1-0: Called Strike
1-1: Called Strike
1-2: Strikes out swinging
Batting: RHB Emílio Bruno 0-0: Foul Ball, location: 2F
0-1: Ball
1-1: Fly out, F9 (Popup, 34D)
Top of the 1st over - 0 run(s), 0 hit(s), 0 error(s), 0 left on base; Colorado 0 - Surrey 0
BOTTOM OF THE 1ST
Surrey Sinners batting - Pitching for Colorado Commanders : RHP Tony Henderson
Pitching: RHP Tony Henderson
Batting: RHB José Toro 0-0: Called Strike
0-1: Ball
1-1: Called Strike
1-2: Ball
2-2: Foul Ball, location: 2F
2-2: Ground out 5-3 (Groundball, 5S)
Batting: RHB Dave Anderson 0-0: Called Strike
0-1: Foul Ball, location: 2F
0-2: Ball
1-2: Strikes out swinging
Batting: RHB Víctor Arredondo 0-0: Ball
1-0: Swinging Strike
1-1: SINGLE (Flyball, 89S)
Batting: RHB Armando Pagán 0-0: Ball
1-0: Called Strike
1-1: Ball
2-1: Ball
3-1: Swinging Strike
3-2: Base on Balls
Víctor Arredondo to second
Batting: RHB Ryan Parrish 0-0: Ball
1-0: Swinging Strike
1-1: Foul Ball, location: 2F
1-2: Ball
2-2: Ball
3-2: Foul Ball, location: 2F
3-2: Foul Ball, location: 2F
3-2: Strikes out looking
Bottom of the 1st over - 0 run(s), 1 hit(s), 0 error(s), 2 left on base; Colorado 0 - Surrey 0
TOP OF THE 2ND
Colorado Commanders batting - Pitching for Surrey Sinners : RHP Ernesto Arritola
Batting: RHB John Dinkins 0-0: Called Strike
0-1: Fly out, F8 (Line Drive, 8RM)
Batting: RHB Diego Francisco 0-0: Ground out 6-3 (Groundball, 6)
Batting: SHB George Adams 0-0: Foul Ball, location: 2F
0-1: SINGLE (Line Drive, 6D)
Batting: LHB Gary Kern 0-0: Ball
George Adams steals 2nd base
1-0: Ball
2-0: Ball
3-0: Base on Balls
Batting: LHB John Nicholson 0-0: Ball
1-0: Called Strike
1-1: Fly out, F7 (Flyball, 7M)
Top of the 2nd over - 0 run(s), 1 hit(s), 0 error(s), 2 left on base; Colorado 0 - Surrey 0
BOTTOM OF THE 2ND
Surrey Sinners batting - Pitching for Colorado Commanders : RHP Tony Henderson
Batting: RHB Miguel Palácios 0-0: Foul Ball, location: 2F
0-1: Ball
1-1: Bunt for hit - play at first, batter OUT! 1-3
Batting: RHB Bob Magee 0-0: Foul Ball, location: 2F
0-1: Ball
1-1: Ball
2-1: Swinging Strike
2-2: Ball
3-2: Base on Balls
Batting: RHB Horace Johnson 0-0: Reached on error, E1 (Groundball, 15)
Bob Magee to second
Batting: LHB Edmund Ross 0-0: Ball
1-0: Swinging Strike
1-1: Foul Ball, location: 2F
1-2: Ball
2-2: Strikes out swinging
Batting: RHB José Toro 0-0: Ball
1-0: Hit by Pitch
Bob Magee to third
Horace Johnson to second
Batting: RHB Dave Anderson 0-0: Called Strike
0-1: Ball
1-1: Swinging Strike
1-2: Ball
2-2: Foul Ball, location: 2F
2-2: Foul Ball, location: 2F
2-2: Strikes out looking
Bottom of the 2nd over - 0 run(s), 0 hit(s), 1 error(s), 3 left on base; Colorado 0 - Surrey 0
TOP OF THE 3RD
Colorado Commanders batting - Pitching for Surrey Sinners : RHP Ernesto Arritola
Batting: SHB Scott Compton 0-0: Ball
1-0: Ground out 4-3 (Groundball, 34)
Batting: RHB Arnold Harmon 0-0: Ball
1-0: Foul Ball, location: 2F
1-1: Bunt for hit - play at first, batter OUT! 1-3
Batting: LHB Rafael Delgado 0-0: Ball
1-0: Called Strike
1-1: Ball
2-1: Ball
3-1: Swinging Strike
3-2: Ground out 4-3 (Groundball, 4)
Top of the 3rd over - 0 run(s), 0 hit(s), 0 error(s), 0 left on base; Colorado 0 - Surrey 0
BOTTOM OF THE 3RD
Surrey Sinners batting - Pitching for Colorado Commanders : RHP Tony Henderson
Batting: RHB Víctor Arredondo 0-0: Foul Ball, location: 2F
0-1: Called Strike
0-2: Ball
1-2: Ball
2-2: Strikes out swinging
Batting: RHB Armando Pagán 0-0: Ball
1-0: Hit by Pitch
Batting: RHB Ryan Parrish 0-0: Ball
Armando Pagán steals 2nd base
1-0: Ball
2-0: Fly out, F9 (Flyball, 9S)
Batting: RHB Miguel Palácios 0-0: Ground out 6-3 (Groundball, 6M)
Bottom of the 3rd over - 0 run(s), 0 hit(s), 0 error(s), 1 left on base; Colorado 0 - Surrey 0
TOP OF THE 4TH
Colorado Commanders batting - Pitching for Surrey Sinners : RHP Ernesto Arritola
Batting: RHB Emílio Bruno 0-0: Called Strike
0-1: Foul Ball, location: 2F
0-2: Strikes out looking
Batting: RHB John Dinkins 0-0: DOUBLE (Flyball, 8LD)
Batting: RHB Diego Francisco 0-0: Called Strike
0-1: Foul Ball, location: 2F
0-2: Strikes out swinging
Batting: SHB George Adams 0-0: Swinging Strike
0-1: Foul Ball, location: 2F
0-2: Foul Ball, location: 2F
0-2: Strikes out looking
Top of the 4th over - 0 run(s), 1 hit(s), 0 error(s), 1 left on base; Colorado 0 - Surrey 0
BOTTOM OF THE 4TH
Surrey Sinners batting - Pitching for Colorado Commanders : RHP Tony Henderson
Batting: RHB Bob Magee 0-0: Ball
1-0: Called Strike
1-1: Fly out, F6 (Line Drive, 6)
Batting: RHB Horace Johnson 0-0: Ground out U3 (Groundball, 3S)
Batting: LHB Edmund Ross 0-0: Called Strike
0-1: Ball
1-1: Ball
2-1: Called Strike
2-2: Strikes out swinging
Bottom of the 4th over - 0 run(s), 0 hit(s), 0 error(s), 0 left on base; Colorado 0 - Surrey 0
TOP OF THE 5TH
Colorado Commanders batting - Pitching for Surrey Sinners : RHP Ernesto Arritola
Batting: LHB Gary Kern 0-0: Called Strike
0-1: Ball
1-1: Foul Ball, location: 2F
1-2: Foul Ball, location: 2F
1-2: Foul Ball, location: 2F
1-2: Strikes out looking
Batting: LHB John Nicholson 0-0: Called Strike
0-1: Called Strike
0-2: Fly out, F7 (Line Drive, 7S)
Batting: SHB Scott Compton 0-0: Ball
1-0: Ground out 1-3 (Groundball, 13S)
Top of the 5th over - 0 run(s), 0 hit(s), 0 error(s), 0 left on base; Colorado 0 - Surrey 0
BOTTOM OF THE 5TH
Surrey Sinners batting - Pitching for Colorado Commanders : RHP Tony Henderson
Batting: RHB José Toro 0-0: Ball
1-0: Ball
2-0: Ball
3-0: Called Strike
3-1: Base on Balls
Batting: RHB Dave Anderson 0-0: Foul Ball, location: 2F
0-1: Ball
1-1: Ball
2-1: SINGLE (Flyball, 4MD)
José Toro to second
Batting: RHB Víctor Arredondo 0-0: Ball
1-0: Called Strike
1-1: Hit by Pitch
José Toro to third
Dave Anderson to second
Batting: RHB Armando Pagán 0-0: TRIPLE (Flyball, 9LM)
José Toro scores
Dave Anderson scores
Víctor Arredondo scores
Pitching: RHP Jerry Campbell
Batting: RHB Ryan Parrish 0-0: Ball
1-0: Called Strike
1-1: Foul Ball, location: 2F
1-2: Strikes out swinging
Batting: RHB Miguel Palácios 0-0: Swinging Strike
0-1: Ball
1-1: Foul Ball, location: 2F
1-2: Strikes out swinging
Batting: RHB Bob Magee 0-0: Ball
1-0: Foul Ball, location: 2F
1-1: Swinging Strike
1-2: Ball
2-2: Ball
3-2: Foul Ball, location: 2F
3-2: Base on Balls
Batting: RHB Horace Johnson 0-0: Foul Ball, location: 2F
0-1: Called Strike
0-2: Ball
1-2: Ball
2-2: Foul Ball, location: 2F
2-2: Foul Ball, location: 2F
2-2: Strikes out swinging
Bottom of the 5th over - 3 run(s), 2 hit(s), 0 error(s), 2 left on base; Colorado 0 - Surrey 3
TOP OF THE 6TH
Colorado Commanders batting - Pitching for Surrey Sinners : RHP Ernesto Arritola
Batting: RHB Arnold Harmon 0-0: SINGLE (Line Drive, 6)
Batting: LHB Rafael Delgado 0-0: Called Strike
0-1: Ball
1-1: Called Strike
1-2: Strikes out swinging
Batting: RHB Emílio Bruno 0-0: Ball
1-0: DOUBLE (Line Drive, 8RS)
Arnold Harmon to third
Batting: RHB John Dinkins 0-0: Ball
1-0: Ball
2-0: Ball
3-0: Called Strike
3-1: Called Strike
3-2: Strikes out swinging
Batting: RHB Diego Francisco 0-0: Foul Ball, location: 2F
0-1: Ball
1-1: Ball
2-1: Ball
3-1: Foul Ball, location: 2F
3-2: Foul Ball, location: 2F
3-2: Base on Balls
Batting: SHB George Adams 0-0: Ball
1-0: Swinging Strike
1-1: Swinging Strike
1-2: SINGLE (Line Drive, 9S)
Arnold Harmon scores
Emílio Bruno to third
Diego Francisco to second
Runner from 3rd tries for Home, SAFE, no throw or cutoff
Batting: LHB Gary Kern 0-0: Called Strike
0-1: Foul Ball, location: 2F
0-2: SINGLE (Flyball, 8RS)
Diego Francisco to third
George Adams to second
Runner from 3rd tries for Home, SAFE, no throw or cutoff
Pitching: RHP José González
Batting: LHB John Nicholson 0-0: 3-RUN HOME RUN (Flyball, 89XD), Distance : 391 ft
Batting: SHB Scott Compton 0-0: Swinging Strike
0-1: Foul Ball, location: 2F
0-2: DOUBLE (Line Drive, 89M)
Batting: RHB Arnold Harmon 0-0: Ball
1-0: Swinging Strike
1-1: Ground out 3-1 (Groundball, 34)
Top of the 6th over - 6 run(s), 6 hit(s), 0 error(s), 1 left on base; Colorado 6 - Surrey 3
BOTTOM OF THE 6TH
Surrey Sinners batting - Pitching for Colorado Commanders : RHP Jerry Campbell
Batting: LHB Edmund Ross 0-0: Ball
1-0: Foul Ball, location: 2F
1-1: Swinging Strike
1-2: Strikes out swinging
Batting: RHB José Toro 0-0: Called Strike
0-1: Fly out, F9 (Flyball, 89S)
Batting: RHB Dave Anderson 0-0: Swinging Strike
0-1: Foul Ball, location: 2F
0-2: Ball
1-2: Ball
2-2: Foul Ball, location: 2F
2-2: Foul Ball, location: 2F
2-2: Foul Ball, location: 2F
2-2: Ball
3-2: Foul Ball, location: 2F
3-2: Strikes out swinging
Bottom of the 6th over - 0 run(s), 0 hit(s), 0 error(s), 0 left on base; Colorado 6 - Surrey 3
TOP OF THE 7TH
Colorado Commanders batting - Pitching for Surrey Sinners : RHP José González
Batting: LHB Rafael Delgado 0-0: Ball
1-0: Ball
2-0: Ball
3-0: Base on Balls
Batting: RHB Emílio Bruno 0-0: Ball
1-0: DOUBLE (Flyball, 8LXD)
Rafael Delgado to third
Runner from 3rd tries for Home, SAFE, no throw or cutoff
Batting: RHB John Dinkins 0-0: Ball
1-0: SINGLE (Line Drive, 89S)
Emílio Bruno to third
Batting: RHB Diego Francisco 0-0: Ball
1-0: Ball
2-0: Foul Ball, location: 2F
2-1: Swinging Strike
2-2: Ball
3-2: Strikes out swinging
Batting: SHB George Adams 0-0: Ball
1-0: Called Strike
1-1: Ball
2-1: Fielders Choice at 2nd, 6-4 (Groundball, 6)
Emílio Bruno scores
Pitching: RHP Juan Fonseca
Batting: LHB Gary Kern 0-0: Ball
1-0: Called Strike
1-1: Fly out, F6 (Popup, 8RS)
Top of the 7th over - 2 run(s), 2 hit(s), 0 error(s), 1 left on base; Colorado 8 - Surrey 3
BOTTOM OF THE 7TH
Surrey Sinners batting - Pitching for Colorado Commanders : RHP Jerry Campbell
Pitching: RHP Bill Davis
Now at 3B: Emiel van Rhee
Now at SS: Tim Adkins
Batting: RHB Víctor Arredondo 0-0: Called Strike
0-1: Ball
1-1: Ball
2-1: Ball
3-1: Base on Balls
Batting: RHB Armando Pagán 0-0: Fly out, F9 (Popup, 4D)
Batting: RHB Ryan Parrish 0-0: Ball
Víctor Arredondo steals 2nd base
1-0: Foul Ball, location: 2F
1-1: Fly out, F7 (Line Drive, 78M)
Batting: RHB Miguel Palácios 0-0: Ball
1-0: Ball
2-0: Called Strike
2-1: Ground out 5-3 (Groundball, 5)
Bottom of the 7th over - 0 run(s), 0 hit(s), 0 error(s), 1 left on base; Colorado 8 - Surrey 3
TOP OF THE 8TH
Colorado Commanders batting - Pitching for Surrey Sinners : RHP Juan Fonseca
Batting: LHB John Nicholson 0-0: Foul Ball, location: 2F
0-1: Ball
1-1: Ball
2-1: Foul Ball, location: 2F
2-2: Ball
3-2: Strikes out swinging
Batting: SHB Scott Compton 0-0: Ball
1-0: Ball
2-0: SINGLE (Line Drive, 34D)
Batting: RHB Arnold Harmon 0-0: Ball
1-0: Ball
2-0: Called Strike
2-1: Ball
3-1: Foul Ball, location: 2F
3-2: Base on Balls
Scott Compton to second
Batting: LHB Rafael Delgado 0-0: Called Strike
0-1: Ball
1-1: Foul Ball, location: 2F
1-2: SINGLE (Groundball, 4MD)
Scott Compton to third
Arnold Harmon to second
Runner from 3rd tries for Home, SAFE, no throw or cutoff
Batting: RHB Emílio Bruno 0-0: Ball
1-0: Ball
Arnold Harmon steals 3rd base
Rafael Delgado to second
2-0: Ball
3-0: Called Strike
3-1: Base on Balls
Batting: RHB Tim Adkins 0-0: Called Strike
0-1: Swinging Strike
0-2: Ball
1-2: Foul Ball, location: 2F
1-2: Ball
2-2: Strikes out swinging
Batting: RHB Diego Francisco 0-0: Foul Ball, location: 2F
0-1: Fly out, F9 (Flyball, 89S)
Top of the 8th over - 1 run(s), 2 hit(s), 0 error(s), 3 left on base; Colorado 9 - Surrey 3
BOTTOM OF THE 8TH
Surrey Sinners batting - Pitching for Colorado Commanders : RHP Bill Davis
Batting: RHB Bob Magee 0-0: Ball
1-0: Fly out, F4 (Line Drive, 4M)
Batting: RHB Horace Johnson 0-0: Called Strike
0-1: Foul Ball, location: 2F
0-2: Strikes out swinging
Batting: LHB Edmund Ross 0-0: Ball
1-0: Fly out, F9 (Line Drive, 9LM)
Bottom of the 8th over - 0 run(s), 0 hit(s), 0 error(s), 0 left on base; Colorado 9 - Surrey 3
TOP OF THE 9TH
Colorado Commanders batting - Pitching for Surrey Sinners : RHP Juan Fonseca
Pitching: RHP Allen Bannatyne
Batting: SHB George Adams 0-0: Called Strike
0-1: Ball
1-1: SINGLE (Groundball, 34D)
Batting: RHB Emiel van Rhee 0-0: Sac Bunt - play at first, batter OUT! 1-3
George Adams to second
Batting: LHB John Nicholson 0-0: Ball
1-0: Ground out 4-3 (Groundball, 4M)
George Adams to third
Batting: SHB Scott Compton 0-0: Foul Ball, location: 2F
0-1: Ball
1-1: Ball
2-1: Ball
3-1: Called Strike
3-2: Strikes out looking
Top of the 9th over - 0 run(s), 1 hit(s), 0 error(s), 1 left on base; Colorado 9 - Surrey 3
BOTTOM OF THE 9TH
Surrey Sinners batting - Pitching for Colorado Commanders : RHP Bill Davis
Batting: RHB José Toro 0-0: Foul Ball, location: 2F
0-1: Ground out 5-3 (Groundball, 5L)
Batting: RHB Dave Anderson 0-0: Ball
1-0: Called Strike
1-1: Foul Ball, location: 2F
1-2: Ball
2-2: Foul Ball, location: 2F
2-2: Foul Ball, location: 2F
2-2: Ground out 5-3 (Groundball, 5S)
Batting: RHB Víctor Arredondo 0-0: Called Strike
0-1: Ball
1-1: SINGLE (Groundball, 5L)
Batting: RHB Armando Pagán 0-0: Ball
1-0: Ball
2-0: Ball
3-0: Base on Balls
Víctor Arredondo to second
Batting: RHB Ryan Parrish 0-0: Fielders Choice at 2nd, U6 (Groundball, 6M)
Bottom of the 9th over - 0 run(s), 1 hit(s), 0 error(s), 2 left on base; Colorado 9 - Surrey 3
This league is powered by Out of the Park Baseball, the baseball management simulation game for PC, Mac and Linux
Wednesday, December 2nd, 2015 - OOTP Baseball 16.8 Build 38